 Dungeon Crawl Stone Soup version 0.25.0-41-g26779e291d (webtiles) character file.

Game seed: 11377599510979023276

13 Ethylacetat the Stinger (level 2, 0/17 HPs)
             Began as an Octopode Venom Mage on July 10, 2020.
             Slain by a frilled lizard (3 damage)
             ... on level 1 of the Dungeon.
             The game lasted 00:00:44 (93 turns).

Ethylacetat the Stinger (Octopode Venom Mage)         Turns: 93, Time: 00:00:45

Health: 0/17       AC:  1    Str:  7    XL:     2   Next: 37%
Magic:  0/5        EV: 13    Int: 17    God:
Gold:   0          SH:  0    Dex: 12    Spells: 4/5 levels left

rFire    . . .     SeeInvis .   (no weapon)
rCold    . . .     Gourm    .   (no shield)
rNeg     . . .     Faith    .   (helmet restricted)
rPois    .         Spirit   .   (no amulet)
rElec    .         Reflect  .   (no ring)
rCorr    .         Harm     .   (no ring)
MR       .....                  (no ring)
Stlth    ++++......             (no ring)
HPRegen  0.05/turn              (no ring)
MPRegen  0.09/turn              (no ring)
                                (no ring)
                                (no ring)

@: no status effects
A: almost no armour, stealthy swim, amphibious, 8 rings, constrict 8, camouflage
1, gelatinous body 1
a: no special abilities


You were on level 1 of the Dungeon.
You were not hungry.

You visited 1 branch of the dungeon, and saw 1 of its levels.

Inventory:

Potions
 a - 2 potions of lignification {unknown}
Comestibles
 b - a ration
 c - a chunk of flesh


   Skills:
 - Level 2.0 Dodging
 - Level 2.6 Stealth
 + Level 2.1 Spellcasting
 * Level 1.6 Transmutations
 * Level 4.0 Poison Magic


You had 4 spell levels left.
You knew the following spells:

 Your Spells              Type           Power        Failure   Level  Hunger
a - Sting                 Tmut/Pois      ##..         6%          1    #......

Your spell library contained the following spells:

 Spells                   Type           Power        Failure   Level  Hunger
 Poisonous Vapours        Pois/Air       #.....       13%         2    ###....
 Ignite Poison            Fire/Tmut/Pois #.......     26%         3    ###....
 Mephitic Cloud           Conj/Pois/Air  #.......     32%         3    ###....
 Olgreb's Toxic Radiance  Pois           ###.....     34%         4    #####..


Dungeon Overview and Level Annotations

Branches:
Dungeon (1/15)

Altars:


Innate Abilities, Weirdness & Mutations

You cannot wear most types of armour.
You are very stealthy in the water. (Stealth+)
You are amphibious.
You can wear up to eight rings at the same time.
You can use your tentacles to constrict eight enemies at once.
Your skin changes colour to match your surroundings (Stealth+).
Your rubbery body absorbs attacks. (AC +1, EV +1)


Message History

A kobold comes into view. It is wielding a +0 club.
You butcher the jackal corpse.
A kobold comes into view. It is wielding a +0 short sword.
Things that are here:
a chunk of flesh; a jackal skeleton
c - a chunk of flesh The goblin hits you with a +0 club.
* * * LOW HITPOINT WARNING * * *
You see here a stone.
Casting: Sting (safe; 6% risk of failure)
Confirm with . or Enter, or press ? or * to list all spells.
Aiming: Sting (safe; 6% risk of failure)
Press: ? - help, Shift-Dir - straight line, f - goblin
Aim: a goblin, wielding a +0 club The sting misses the goblin.
A frilled lizard is nearby!
The frilled lizard bites you but does no damage.
You tentacle-slap the frilled lizard but do no damage.
Your grab misses the frilled lizard. The frilled lizard bites you.
You die...

## # #≈♣≈ #######≈...
####8####8....#≈..
+.......'.....#≈..
##8#'#8##8...8#≈.
###'######'###≈. .#
#♣♣.....♣♣##.#≈#≈# .# #
♣≈.......≈♣#.8♣♣≈# K#.#
#.........#8.#≈#@# .#.
#...≈♣≈...##.###l## l.
+...♣8♣...++..''g.# .####.#
#...≈♣≈...##.###≈.#####†......
#.........#8.# #≈.(...÷.......
♣≈.......≈♣#.8 ♣≈.....).......
#♣♣.....♣♣##.# #≈.............
#####'### #+# #≈######.......
8##8#'#8## #≈# .......


You could see a goblin and a frilled lizard.

Vanquished Creatures
  A dart slug (D:1)
  2 bat zombies (D:1)
  2 hobgoblins (D:1)
  2 jackals (D:1)
  A frilled lizard (D:1)
  A kobold (D:1)
  A rat (D:1)
10 creatures vanquished.

Notes
Turn   | Place    | Note
-------+----------+-------------------------------------------
     0 | D:1      | Ethylacetat the Octopode Venom Mage began the quest for the
                  | Orb.
     0 | D:1      | Reached XP level 1. HP: 11/11 MP: 3/3
    60 | D:1      | Reached XP level 2. HP: 15/17 MP: 5/5
    74 | D:1      | Reached skill level 4 in Poison Magic
    93 | D:1      | Slain by a frilled lizard

Illustrated notes

Levels and vault maps discovered:
D:1:      saegor_arrival_fortress, layout_basic, minmay_hexomino_p4

Skill      XL: |  1  2 |
---------------+-------+-----
Poison Magic   | 4 |  4.0
Dodging        | |  2.0
Stealth        | |  2.6
Spellcasting   | |  2.1
Transmutations | |  1.6

Action                   || total
-------------------------++-------
Melee: Unarmed           ||    24
       Constrict         ||     6
       Tentacles         ||     6
 Cast: Sting             ||     6
 Stab: Sleeping          ||     1
Armor: Skin              ||     4
Dodge: Dodged            ||    28
